 Dungeon Crawl Stone Soup version 0.26-a0-50-gc4d14cd (webtiles) character file.

Game seed: 5948189620276984499

66 thirtiethelement the Skirmisher (level 4, -5/41 HPs)
             Began as a Gnoll Abyssal Knight on June 5, 2020.
             Was a Follower of Lugonu.
             Slain by a gnoll
             ... wielding a +0 halberd
              (6 damage)
             ... on level 3 of the Dungeon.
             The game lasted 00:02:54 (2345 turns).

thirtiethelement the Skirmisher (GnAK)              Turns: 2345, Time: 00:02:54

Health: -5/41      AC:  3    Str: 16    XL:     4   Next: 15%
Magic:  7/7        EV: 12    Int: 14    God:    Lugonu [*.....]
Gold:   130        SH:  0    Dex: 14    Spells: 5/5 levels left

rFire    . . .     SeeInvis .   j - +0 war axe
rCold    . . .     Gourm    .   (no shield)
rNeg     . . .     Faith    .   b - +0 leather armour
rPois    .         Spirit   .   (no helmet)
rElec    .         Reflect  .   (no cloak)
rCorr    .         Harm     .   (no gloves)
MR       .....                  (no boots)
Stlth    ++........             (no amulet)
HPRegen  0.13/turn              f - ring of stealth
MPRegen  0.10/turn              (no ring)

@: brilliant
A: distributed training, fangs 1, strong nose
a: Depart the Abyss, Renounce Religion


You were on level 3 of the Dungeon.
You worshipped Lugonu.
Lugonu was aware of your devotion.
You were not hungry.

You visited 1 branch of the dungeon, and saw 3 of its levels.
You visited the Abyss 1 time.

You collected 130 gold pieces.

Inventory:

Hand Weapons
 a - a +2 hand axe
 j - a +0 war axe (weapon)
Armour
 b - a +0 leather armour (worn)
Jewellery
 f - a ring of stealth (left hand)
Scrolls
 e - 2 scrolls of remove curse
 g - a scroll of enchant weapon
 i - a scroll of teleportation
Potions
 d - a potion of heal wounds {unknown}
 h - a potion of brilliance
Comestibles
 c - 5 rations
 k - 4 chunks of flesh


   Skills:
 + Level 6.5 Fighting
 + Level 1.0 Short Blades
 + Level 1.0 Long Blades
 + Level 4.6 Axes
 + Level 1.0 Maces & Flails
 + Level 1.0 Polearms
 + Level 1.0 Staves
 + Level 1.0 Slings
 + Level 1.0 Bows
 + Level 1.0 Crossbows
 + Level 1.0 Throwing
 + Level 4.6 Armour
 + Level 2.7 Dodging
 + Level 1.0 Stealth
 + Level 1.0 Shields
 + Level 1.0 Unarmed Combat
 + Level 1.0 Spellcasting
 + Level 0.7 Conjurations
 + Level 0.7 Hexes
 + Level 0.7 Charms
 + Level 0.7 Summonings
 + Level 0.7 Necromancy
 + Level 0.7 Translocations
 + Level 0.7 Transmutations
 + Level 0.7 Fire Magic
 + Level 0.7 Ice Magic
 + Level 0.7 Air Magic
 + Level 0.7 Earth Magic
 + Level 0.7 Poison Magic
 + Level 4.6 Invocations
 + Level 1.0 Evocations


You had 5 spell levels left.
You didn't know any spells.
Your spell library was empty.

Dungeon Overview and Level Annotations

Branches:
Dungeon (3/15)

Altars:
Elyvilon
Yredelemnul


Innate Abilities, Weirdness & Mutations

Your experience applies equally to all skills.
You have very sharp teeth.
Your uncanny sense of smell can sniff out nearby items.


Message History

The gnoll shouts!
The gnoll barely misses you. The gnoll hits you with a +0 spear!
You barely miss the gnoll. You closely miss the gnoll.
The gnoll hits you with a +0 spear. The gnoll hits you with a +0 halberd!
You are too injured to fight recklessly!
You are too injured to fight recklessly!
You are too injured to fight recklessly!
You barely miss the gnoll. You closely miss the gnoll.
The gnoll hits you with a +0 spear. The gnoll barely misses you. x2
You slash the gnoll! You bite the gnoll, but do no damage.
The gnoll is heavily wounded.
You slash the gnoll! The gnoll closely misses you.
The gnoll hits you with a +0 halberd!
* * * LOW HITPOINT WARNING * * *
The gnoll hits you with a +0 spear.
* * * LOW HITPOINT WARNING * * *
It was a potion of brilliance.
You feel clever all of a sudden. The gnoll completely misses you.
The gnoll hits you with a +0 halberd.
You die...

##.....##
#........?#
#.........##
#..).......#
#........#.#
#....#####.#
...........##
............#
......g@....#
.......g....#
.....g.......#
...........#.#
.....$.....#...
.%.........#....
...........+ ..
...........#


You could see 3 gnolls.

Vanquished Creatures
  Terence (D:2)
  An adder (D:2)
  A leopard gecko (D:2)
  2 giant cockroaches
  3 goblins
  4 hobgoblins
  2 jackals (D:2)
  2 quokkas
  3 bats
  2 frilled lizards
  5 kobolds
  5 rats
31 creatures vanquished.

Notes
Turn   | Place    | Note
-------+----------+-------------------------------------------
     0 | Abyss:1  | thirtiethelement the Gnoll Abyssal Knight began the quest
                  | for the Orb.
     0 | Abyss:1  | Reached XP level 1. HP: 23/23 MP: 3/3
    44 | Abyss:1  | Noticed a hellwing
    46 | Abyss:1  | Noticed a ynoxinul
    55 | D:1      | Escaped the Abyss
   555 | D:1      | Reached XP level 2. HP: 27/29 MP: 5/5
  1082 | D:2      | Found a basalt altar of Yredelemnul.
  1193 | D:2      | Reached * piety under Lugonu
  1364 | D:2      | Found a white marble altar of Elyvilon.
  1595 | D:2      | Reached XP level 3. HP: 35/35 MP: 6/6
  1686 | D:2      | Noticed Terence
  1701 | D:2      | Killed Terence
  1958 | D:2      | Reached skill level 1 in Short Blades
  1958 | D:2      | Reached skill level 1 in Long Blades
  1958 | D:2      | Reached skill level 1 in Maces & Flails
  1958 | D:2      | Reached skill level 1 in Polearms
  1958 | D:2      | Reached skill level 1 in Staves
  1958 | D:2      | Reached skill level 1 in Slings
  1958 | D:2      | Reached skill level 1 in Bows
  1958 | D:2      | Reached skill level 1 in Crossbows
  1958 | D:2      | Reached skill level 1 in Throwing
  1958 | D:2      | Reached skill level 1 in Stealth
  1958 | D:2      | Reached skill level 1 in Shields
  1958 | D:2      | Reached skill level 1 in Unarmed Combat
  1958 | D:2      | Reached skill level 1 in Spellcasting
  1958 | D:2      | Reached skill level 1 in Evocations
  1958 | D:2      | Reached XP level 4. HP: 35/41 MP: 7/7
  2344 | D:3      | HP: 1/41 [gnoll/+0 spear (4)]
  2345 | D:3      | Slain by a gnoll

Illustrated notes

Levels and vault maps discovered:
D:1:      dpeg_arrival_boxes_within_box, layout_basic
D:2:      layout_loops_ring, overflow_temple_1_default, first_ration,
          elyvilon_altar_3, uniq_terence
D:3:      layout_basic, chequers_decorated_corner, kennysheep_donut,
          minmay_misc_feat_ornament

Skill      XL: |  1  2  3 |
---------------+----------+-----
Short Blades   | 1 |  1.0
Long Blades    | 1 |  1.0
Maces & Flails | 1 |  1.0
Polearms       | 1 |  1.0
Staves         | 1 |  1.0
Slings         | 1 |  1.0
Bows           | 1 |  1.0
Crossbows      | 1 |  1.0
Throwing       | 1 |  1.0
Stealth        | 1 |  1.0
Shields        | 1 |  1.0
Unarmed Combat | 1 |  1.0
Spellcasting   | 1 |  1.0
Evocations     | 1 |  1.0
Fighting       | |  6.5
Axes           | |  4.6
Armour         | |  4.6
Dodging        | |  2.7
Conjurations   | |  0.7
Hexes          | |  0.7
Charms         | |  0.7
Summonings     | |  0.7
Necromancy     | |  0.7
Translocations | |  0.7
Transmutations | |  0.7
Fire Magic     | |  0.7
Ice Magic      | |  0.7
Air Magic      | |  0.7
Earth Magic    | |  0.7
Poison Magic   | |  0.7
Invocations    | |  4.6

Action                   |  1- 3 |  4- 6 || total
-------------------------+-------+-------++-------
Melee: Hand axe          |    73 |    16 ||    89
       Bite              |     7 |     2 ||     9
       War axe           |       |     5 ||     5
Invok: Depart the Abyss  |     1 |       ||     1
  Use: Scroll            |     4 |       ||     4
       Potion            |       |     1 ||     1
 Stab: Distracted        |     1 |       ||     1
       Sleeping          |     1 |     1 ||     2
  Eat: Chunk             |     2 |     2 ||     4
Armor: Leather armour    |    21 |     4 ||    25
Dodge: Dodged            |    45 |    13 ||    58

Table legend:
 A = Non-vault XP
 B = Vault XP
 C = Vault XP percentage of total XP
 D = Non-vault monster count
 E = Vault monster count
 F = Vault count percentage of total count
                 A         B        C        D         E       F
            +---------+---------+-------+---------+---------+-------
      Total |      59 |      36 |  37.9 |      30 |       1 |   3.2
            +---------+---------+-------+---------+---------+-------
        D:1 |      19 |       0 |   0.0 |      12 |       0 |   0.0
        D:2 |      31 |      36 |  53.7 |      11 |       1 |   8.3
        D:3 |       9 |       0 |   0.0 |       7 |       0 |   0.0
            +---------+---------+-------+---------+---------+-------
